Match 28503447
Unlisted

Match 28503447
End
Kradschützen Motorcycle Team
Panzergrenadier Squad
Panzergrenadier Squad
Construct Light Support Kompanie
MG34 Team
Fire Support Elements
Selects Italian Infantry
Selects Defensive Operations
Flakvierling Half-track
le.IG 18 Mechanized Group
Pak 38 Anti-tank Gun Team
2.5-tonne Medical Truck
Selects Guastatori Squad
Guastatori Squad
Construct Panzerarmee Kommand
Maggot
Friendly Mouse(Poxie)
gameing
UnLove
Narcotic Nurse Shark
Tarbine9
ℎ ℯ ℛ ℴ™ Isaac.K. Ming
OperationBrewStorm
0
0

Comments sign in to comment!

No comments posted yet!